 Dungeon Sprint DCSS version 0.26.1-11-gd32895ea62 (webtiles) character file.

Game seed: 9986531840795574860

421 Groucho the Covert (level 6, -8/30 HPs)
             Began as a Felid Venom Mage on July 6, 2021.
             Was a High Priest of Vehumet.
             Killed by divine providence
             ... invoked by a smoke demon
              (10 damage)
             ... in the Dungeon (Sprint VII: "The Pits").
             The game lasted 00:07:33 (2398 turns).

Groucho the Covert (Felid Venom Mage)               Turns: 2398, Time: 00:07:34

Health: -8/30      AC:  2    Str:  6    XL:     6   Next: 62%
Magic:  16/17      EV: 23    Int: 17    God:    Vehumet [*****.]
Gold:   0          SH:  0    Dex: 16    Spells: 9/19 levels left
                                        Lives:  0   Deaths: 2

rFire    . . .     SeeInvis +     - Unarmed
rCold    . . .     Faith    .   (shield unavailable)
rNeg     . . .     Spirit   .   (armour unavailable)
rPois    .         Reflect  .   (helmet unavailable)
rElec    .         Harm     .   (cloak unavailable)
rCorr    .         Rampage  .   (gloves unavailable)
Will     .....     NoTele   +   (boots unavailable)
Stlth    +++++.....             (no amulet)
HPRegen  0.10/turn              (no ring)
MPRegen  0.15/turn              (no ring)

@: quick
A: very small, no armour, no weapons or thrown items, stealth, claws 1, fangs 3,
see invisible, speed 1, shaggy fur 2, sharp paws
a: Renounce Religion


You were in the Dungeon.
You worshipped Vehumet.
Vehumet was extremely pleased with you.
You visited 1 branch

Inventory:

Wands
 k - a wand of random effects (10)
Scrolls
 g - a scroll of blinking
 h - 3 scrolls of remove curse
 i - 5 scrolls of amnesia
 j - a scroll of summoning
Potions
 a - 2 potions of berserk rage
 b - 3 potions of curing
 c - 5 potions of heal wounds
 d - a potion of haste
 e - 4 potions of magic
 f - 2 potions of invisibility


   Skills:
 + Level 5.1 Fighting
 + Level 7.4 Dodging
 * Level 10.9 Stealth
 * Level 7.4 Unarmed Combat
 * Level 7.2 Spellcasting
 + Level 5.8 Transmutations
 + Level 5.5 Poison Magic


You had 9 spell levels left.
You knew the following spells:

 Your Spells              Type           Power        Failure   Level
a - Sting                 Tmut/Pois      100%         1%          1
b - Poisonous Vapours     Pois/Air       30%          5%          2
c - Mephitic Cloud        Conj/Pois/Air  12%          4%          3
d - Olgreb's Toxic Radia  Pois           25%          3%          4

Your spell library contained the following spells:

 Spells                   Type           Power        Failure   Level
 Bolt of Magma            Conj/Fire/Erth 3%           58%         5
 Ignite Poison            Fire/Tmut/Pois 19%          1%          3


Dungeon Overview and Level Annotations

Branches:
Dungeon (1/1)

Altars:
Ashenzari
Cheibriados
Dithmenos
Elyvilon
Fedhas
Gozag
Hepliaklqana
Kikubaaqudgha
Makhleb
Nemelex Xobeh
Okawaru
Qazlal
Ru
Sif Muna
Trog
Uskayaw
Vehumet
Wu Jian
Xom
Yredelemnul
Zin
The Shining One
Beogh
Jiyva
Lugonu


Innate Abilities, Weirdness & Mutations

You cannot wear armour.
You are incapable of wielding weapons or throwing items.
Your paws allow you to move quietly. (Stealth)
You have sharp claws.
You have razor-sharp teeth.
You have supernaturally acute eyesight. (SInv)
You cover ground quickly.
You are covered in thick fur. (AC +2)
Your sharp claws are effective at attacking unaware monsters.


Message History

Unknown command.
The smoke demon gestures at you. Something smites you!
Aiming: Sting (safe; 1% risk of failure)
Press: ? - help, Q - select action, (/) - cycle Shift-Dir - straight line, f/p - deep elf mage
Aim: a deep elf mage, wielding a +0 dagger (moderately wounded, very poisoned, 31% to evade)
The sting hits the deep elf mage.
The deep elf mage looks even sicker.
The deep elf mage is heavily wounded.
The deep elf mage gestures wildly while chanting.
The smoke demon gestures at you. Something smites you!
* * * LOW HITPOINT WARNING * * *
Unknown command.
The deep elf mage mumbles some strange words.
There is an open door here.
The deep elf mage gestures wildly while chanting.
The deep elf mage blinks!
The smoke demon gestures at you. Something smites you!
You die...

#.?(.')))'.##.....
##########.##.....
#..........)'.....
#'#####'#####.....
#.#..#...'.##.....
#.#..#...#.#####'#
#.#..#####.##.....
#.#..'...#.##.....
#@#..'...'.##.....
#.#..########...<.
#.#..'.)))[##.....
#.#..#.)))[##.....
#'###########.....
#.......#..#######
#E.#.#..#.######
#3##.##.#รท#....#
#.......#'#....#


You could see an earth elemental (summoned) and a smoke demon.

Vanquished Creatures
  Grinder (D)
  A tarantella (D)
  A warg (D)
  A water moccasin (D)
  A scorpion (D)
  A crimson imp (D)
  A quasit (D)
  A hound (D)
  Crazy Yiuf (D)
  2 worker ants (D)
  A gnoll (D)
  2 river rats (D)
  An adder zombie (D)
  A leopard gecko (D)
  A ball python (D)
  A giant cockroach (D)
  A hobgoblin (D)
  2 jackals (D)
  A bat (D)
  A frilled lizard (D)
23 creatures vanquished.

Notes
Turn   | Place    | Note
-------+----------+-------------------------------------------
     0 | D        | Groucho the Felid Venom Mage began the quest for the Orb.
     0 | D        | Reached XP level 1. HP: 7/7 MP: 4/4
    18 | D        | Reached skill level 1 in Fighting
    18 | D        | Reached skill level 3 in Stealth
    18 | D        | Reached skill level 1 in Unarmed Combat
    18 | D        | Reached XP level 2. HP: 12/12 MP: 4/6
    74 | D        | Learned a level 2 spell: Poisonous Vapours
    96 | D        | Found a bloodstained altar of Trog.
    96 | D        | Found a shimmering blue altar of Sif Muna.
    96 | D        | Found a viscous altar of Jiyva.
    96 | D        | Found a hazy altar of Hepliaklqana.
    96 | D        | Found an opulent altar of Gozag.
    97 | D        | Found a glowing golden altar of the Shining One.
    97 | D        | Found a glowing silver altar of Zin.
    97 | D        | Found a basalt altar of Yredelemnul.
    97 | D        | Found a shimmering altar of Xom.
    97 | D        | Found an ornate altar of the Wu Jian Council.
    97 | D        | Found a sacrificial altar of Ru.
    97 | D        | Found a stormy altar of Qazlal.
    97 | D        | Found an iron altar of Okawaru.
    97 | D        | Found a sparkling altar of Nemelex Xobeh.
    97 | D        | Found a burning altar of Makhleb.
    97 | D        | Found a blossoming altar of Fedhas.
    97 | D        | Found a white marble altar of Elyvilon.
    97 | D        | Found a shadowy altar of Dithmenos.
    97 | D        | Found a snail-covered altar of Cheibriados.
    99 | D        | Found a radiant altar of Vehumet.
    99 | D        | Found a corrupted altar of Lugonu.
    99 | D        | Found a roughly hewn altar of Beogh.
   100 | D        | Found a hide-covered altar of Uskayaw.
   100 | D        | Found an ancient bone altar of Kikubaaqudgha.
   100 | D        | Found a broken altar of Ashenzari.
   107 | D        | Became a worshipper of Vehumet
   420 | D        | Reached skill level 4 in Stealth
   474 | D        | Reached * piety under Vehumet
   474 | D        | Offered knowledge of Shock by Vehumet.
   489 | D        | Reached ** piety under Vehumet
   637 | D        | Reached skill level 5 in Stealth
   637 | D        | Reached XP level 3. HP: 15/16 MP: 5/8
  1100 | D        | Noticed Crazy Yiuf
  1114 | D        | Offered knowledge of Searing Ray by Vehumet.
  1124 | D        | Reached *** piety under Vehumet
  1125 | D        | Reached skill level 6 in Stealth
  1125 | D        | Reached XP level 4. HP: 19/19 MP: 8/10
  1484 | D        | Learned a level 3 spell: Mephitic Cloud
  1514 | D        | Offered knowledge of Inner Flame by Vehumet.
  1536 | D        | Reached skill level 5 in Dodging
  1536 | D        | Reached skill level 7 in Stealth
  1536 | D        | Reached XP level 5. HP: 21/24 MP: 6/12
  1564 | D        | Killed Crazy Yiuf
  1564 | D        | Reached **** piety under Vehumet
  1868 | D        | Noticed Grinder
  1872 | D        | Paralysed by Grinder for 5 turns
  1875 | D        | Mangled by Grinder
  1876 | D        | Reached XP level 4. HP: -6/21 MP: 11/11
  1884 | D        | Paralysed by Grinder for 5 turns
  1886 | D        | Killed Grinder
  1886 | D        | Offered knowledge of Conjure Flame by Vehumet.
  1887 | D        | Reached skill level 9 in Stealth
  1887 | D        | Reached skill level 5 in Spellcasting
  1887 | D        | Reached XP level 5. HP: 25/25 MP: 11/14
  1887 | D        | Gained mutation: You are covered in thick fur. (AC +2)
                  | [Felid growth]
  1887 | D        | Reached XP level 6. HP: 28/28 MP: 11/15
  2036 | D        | Noticed a tarantella
  2038 | D        | Killed a tarantella
  2038 | D        | Offered knowledge of Static Discharge by Vehumet.
  2039 | D        | Reached skill level 5 in Transmutations
  2039 | D        | Reached skill level 5 in Poison Magic
  2044 | D        | Learned a level 4 spell: Olgreb's Toxic Radiance
  2045 | D        | Noticed a warg
  2049 | D        | Killed a warg
  2049 | D        | Reached ***** piety under Vehumet
  2050 | D        | Reached skill level 10 in Stealth
  2050 | D        | Reached XP level 7. HP: 33/33 MP: 18/18
  2313 | D        | Noticed a smoke demon
  2315 | D        | Noticed a deep elf mage
  2326 | D        | Slain by a water moccasin
  2327 | D        | Reached XP level 6. HP: -3/30 MP: 10/16
  2340 | D        | Killed a water moccasin
  2340 | D        | Offered knowledge of Bolt of Magma by Vehumet.
  2341 | D        | Reached skill level 5 in Fighting
  2386 | D        | HP: 1/30 [smoke demon/divine providence (11)]
  2398 | D        | Killed from afar by a smoke demon

Illustrated notes

Levels and vault maps discovered:
D:        pitsprint [storerooms_1, entrance_room_1, metal_vault_5, armoury_2,
          mini_pit_1, grid_room_1, main_hall_1, silver_pit, the_coven_3,
          the_vestibule_1, steel_vault_2, golden_pit, hallway_of_sentries,
          crystal_vault_2, iron_vault_1, final_vault]

Skill      XL: |  1  2  3  4  5  6  7 |
---------------+----------------------+-----
Fighting       | 1 2 4 3 5 |  5.1
Dodging        | 3 4 6 7 |  7.4
Stealth        | 3 5 6 9 10 | 10.9
Unarmed Combat | 1 2 3 6 7 |  7.4
Poison Magic   | 3 4 5 |  5.5
Transmutations | 2 4 5 |  5.8
Spellcasting   | 3 5 7 |  7.2

Action                   |  1- 3 |  4- 6 |  7- 9 || total
-------------------------+-------+-------+-------++-------
Melee: Unarmed           |    23 |    11 |     5 ||    39
       Bite              |     1 |       |       ||     1
 Cast: Sting             |    15 |    27 |    11 ||    53
       Olgreb's Toxic Ra |       |       |     2 ||     2
  Use: Potion            |     2 |     1 |     2 ||     5
 Stab: Sleeping          |     3 |     5 |       ||     8
Armor: Skin              |       |     2 |     2 ||     4
Dodge: Dodged            |    21 |    15 |    35 ||    71
